 Dungeon Crawl Stone Soup version 0.30-a0-219-gf2db51d15e (webtiles) character file.

Game seed: 451495995530981891

168268 Morbidden the Peltast (level 18, -7/136 HPs)
             Began as a Formicid Hunter on Oct 7, 2022.
             Was the Champion of Cheibriados.
             Mangled by a spark wasp (13 damage)
             ... on level 3 of the Spider Nest.
             The game lasted 00:58:41 (34867 turns).

Morbidden the Peltast (Formicid Hunter)            Turns: 34867, Time: 00:58:41

Health: -7/136     AC: 22    Str: 33    XL:     18   Next: 57%
Magic:  0/48       EV: 17    Int: 24    God:    Cheibriados [******]
Gold:   1862       SH: 20    Dex: 38    Spells: 26/33 levels left

rFire   . . .      SeeInvis +    a - +9 great sword (vamp)
rCold   + . .      Faith    .    p - +1 kite shield
rNeg    . . .      Spirit   +    Z - +1 plate armour {rPois}
rPois   +          Reflect  .    (helmet unavailable)
rElec   .          Harm     .    (no cloak)
rCorr   .          Rampage  .    E - +0 pair of gloves
Will    +....                    n - +3 pair of mountain boots {steadfast, rC+}
Stlth   ..........               x - amulet of guardian spirit
HPRegen 0.42/turn                G - ring of magical power
MPRegen 0.31/turn                v - ring of magical power

@: lethally poisoned (-7 -> -18), very slow
A: permanent stasis, dig shafts and tunnels, antennae 3, four strong arms
a: Dig, Shaft Self, Renounce Religion, Bend Time, Temporal Distortion, Slouch,
Step From Time


You were on level 3 of the Spider Nest.
You worshipped Cheibriados.
Cheibriados was exalted by your worship.
You visited 5 branches of the dungeon, and saw 26 of its levels.
You also visited: Gauntlet and Volcano.

You collected 2631 gold pieces.
You spent 769 gold pieces at shops.

Inventory:

Hand Weapons
 a - a +9 vampiric great sword (weapon)
 b - a +1 longbow of flaming
 m - a +3 dagger of electrocution
 s - the +8 whip "Snakebite" {venom, curare, rPois}
   (You found it on level 3 of the Lair of Beasts)

   It poisons the flesh of those it strikes.
   It occasionally inflicts asphyxiating poison on those it strikes, dealing
   poison damage and causing slowness.
   rPois:     It protects you from poison.
 Y - a +0 longbow of freezing
Missiles
 y - 3 throwing nets
Armour
 n - the +3 pair of mountain boots (worn) {steadfast, rC+}
   (You acquired it on level 11 of the Dungeon)

   It prevents involuntary movement, except for blinking, teleportation, or
   banishment.
   rC:        It protects you from cold.
 p - a +1 kite shield (worn)
 E - a +0 pair of gloves (worn)
 L - a +2 plate armour of fire resistance
 M - a +2 chain mail of cold resistance
 P - the +9 chain mail "Qaell" {rN+++ Str-3 Int-5 Dex+8}
   (You bought it in a shop on level 12 of the Dungeon)

   Str:       It affects your strength (-3).
   Int:       It affects your intelligence (-5).
   Dex:       It affects your dexterity (+8).
   rN:        It renders you almost immune to negative energy.
 Z - a +1 plate armour of poison resistance (worn)
Jewellery
 i - a +6 ring of intelligence
 u - an amulet of magic regeneration
 v - a ring of magical power (right hand)
 x - an amulet of guardian spirit (around neck)
 z - a ring of flight
 F - an amulet of regeneration
 G - a ring of magical power (left hand)
 T - a ring of wizardry
Wands
 w - a wand of light (29)
 A - a wand of iceblast (19)
 B - a wand of polymorph (21)
 D - a wand of mindburst (12) (quivered)
 H - a wand of digging (5)
 I - a wand of charming (17)
 S - a wand of flame (24)
Scrolls
 d - 2 scrolls of poison
 e - 8 scrolls of identify
 g - 8 scrolls of amnesia
 j - a scroll of immolation
 q - 3 scrolls of fog
 t - 2 scrolls of torment
 J - a scroll of magic mapping
 U - a scroll of silence
 V - a scroll of summoning
Potions
 c - 2 potions of lignification
 f - 4 potions of mutation
 h - 5 potions of curing
 k - 5 potions of might
 l - 2 potions of cancellation
 o - a potion of invisibility
 C - 3 potions of resistance
 K - a potion of brilliance
 O - 2 potions of heal wounds
 Q - 2 potions of flight
 R - a potion of ambrosia
 W - 3 potions of attraction
Miscellaneous
 r - a phantom mirror (inert)
 N - a box of beasts
 X - a condenser vane (inert)


   Skills:
 * Level 10.8 Fighting
 + Level 6.7(10.7) Short Blades
 * Level 13.0(13.6) Long Blades
 + Level 2.4 Maces & Flails
 * Level 11.5 Ranged Weapons
 * Level 11.1 Armour
 * Level 8.5 Dodging
 + Level 2.2 Stealth
 * Level 16.4 Shields
 + Level 0.4 Unarmed Combat
 * Level 8.1 Spellcasting
 * Level 5.6 Translocations
 * Level 5.3 Air Magic
 * Level 10.7 Invocations
 * Level 9.2 Evocations


You had 26 spell levels left.
You knew the following spells:

 Your Spells              Type           Power      Damage    Failure   Level
a - Vhi's Electric Charg  Tloc/Air       72%        N/A       17%         3
b - Manifold Assault      Tloc           37%        N/A       45%         4

Your spell library contained the following spells:

 Spells                   Type           Power      Damage    Failure   Level
 Gell's Gravitas          Tloc           37%        N/A       16%         3
 Lesser Beckoning         Tloc           74%        N/A       16%         3
 Teleport Other           Tloc           37%        N/A       16%         3
 Momentum Strike          Conj/Tloc      46%        3d9       26%         2
 Poisonous Vapours        Pois/Air       44%        N/A       26%         2
 Kindle Blastsparks       Fire/Tloc/Air  54%        2d14      34%         3
 Cigotuvi's Dreadful Rot  Necr/Pois/Air  36%        N/A       36%         2
 Foxfire                  Conj/Fire      36%        2x1d5     47%         1
 Freeze                   Ice            36%        1d6       47%         1
 Necrotise                Necr           36%        1d5       47%         1
 Sandblast                Erth           18%        2d7       47%         1
 Sting                    Tmut/Pois      36%        1d4       47%         1
 Summon Small Mammal      Summ           36%        N/A       47%         1
 Mephitic Cloud           Conj/Pois/Air  18%        N/A       61%         3
 Call Canine Familiar     Summ           9%         N/A       85%         3
 Dazzling Flash           Conj/Hex       18%        N/A       85%         3
 Frozen Ramparts          Ice            18%        1d3       85%         3
 Hailstorm                Conj/Ice       9%         3d4       85%         3
 Ignite Poison            Fire/Tmut/Pois 9%         N/A       85%         3
 Summon Guardian Golem    Hex/Summ       9%         N/A       85%         3
 Vampiric Draining        Necr           9%         2d6       85%         3
 Iskenderun's Mystic Bla  Conj/Tloc      23%        2d6       86%         4
 Animate Armour           Summ/Erth      18%        N/A       99%         4
 Fulminant Prism          Conj/Hex       4%         3d6       99%         4
 Ice Form                 Ice/Tmut       9%         N/A       99%         4
 Olgreb's Toxic Radiance  Pois           9%         N/A       99%         4
 Sticky Flame             Conj/Fire      9%         2d3       99%         4
 Arcjolt                  Conj/Air       11%        1d21      99%         5
 Agony                    Necr           9%         N/A       100%        5
 Blade Hands              Tmut           4%         N/A       100%        5
 Borgnjor's Vile Clutch   Necr/Erth      4%         N/A       100%        5
 Fireball                 Conj/Fire      4%         3d4       100%        5
 Lee's Rapid Deconstruct  Erth           4%         3d6*      100%        5
 Iron Shot                Conj/Erth      4%         9d2       100%        6
 Simulacrum               Ice/Necr       4%         N/A       100%        6
 Starburst                Conj/Fire      4%         6d4       100%        6
 Storm Form               Tmut/Air       11%        N/A       100%        7
 Ignition                 Fire           4%         3d4       100%        8
 Maxwell's Capacitive Co  Air            17%        ∞         100%        8
 Shatter                  Erth           4%         3d8*      100%        9
 Blink                    Tloc           Unusable   N/A       N/A         2

Dungeon Overview and Level Annotations

Branches:
Dungeon (15/15)            Temple (1/1) D:5            Lair (5/5) D:10
 Shoals (0/4) Lair:2       Spider (3/4) Lair:2        Slime (0/5) Lair:5
    Orc (2/2) D:10            Elf (0/3) Orc:2        Vaults (0/5) D:14
 Depths (0/4) D:15        Volcano (visited)         Gauntlet (visited)

Altars:
Ashenzari
Cheibriados
Fedhas
Gozag
Kikubaaqudgha
Makhleb
Okawaru
Qazlal
Ru
Sif Muna
Vehumet
Wu Jian
Xom
Yredelemnul
The Shining One
Jiyva

Shops:
D:12 [*((   Orc:2 (?[=

Annotations:
D:6 2 runed translucent doors, anet's ghost, weakling GnDe
D:10 exclusion: orange crystal statue


Innate Abilities, Weirdness & Mutations

You cannot be hasted, slowed, berserked, paralysed or teleported.
You can dig through walls and to a lower floor.
You have a pair of large antennae on your head. (SInv)
Your four strong arms can wield two-handed weapons with a shield.


Message History

* * * LOW HITPOINT WARNING * * *
The demonic crawler hits you but does no damage. x2
The demonic crawler completely misses you.
The spark wasp stings you.
* * * LOW HITPOINT WARNING * * *
The spark wasp shocks you!
* * * LOW HITPOINT WARNING * * *
You hear a skittering sound.
Things that are here:
a potion of degeneration; a scroll of enchant armour Unknown command.
Okay, then.
Unknown command.
Okay, then.
Okay, then.
You feel much better.
You feel very sick. The spark wasp misses you.
You block the demonic crawler's attack. The demonic crawler hits you.
* * * LOW HITPOINT WARNING * * *
The demonic crawler misses you.
The demonic crawler shrieks in warning!
You hear a faint skittering sound.
You hear a chilling moan.
Unknown command.
Unknown command.
Unknown command.
Unknown command.
Activating: Slouch (1% risk of failure)
Press: ? - help, Dir - look around, f - activate You can feel time thicken for a moment.
You feel very sick. The spark wasp stings you!
* * * LOW HITPOINT WARNING * * *
The spark wasp shocks you!
* * * LOW HITPOINT WARNING * * *
The demonic crawler closely misses you. x2; The demonic crawler misses you.
The spark wasp stings you!
* * * LOW HITPOINT WARNING * * *
The spark wasp shocks you!
You die...

.....#......#..~#~#
.............>#...##
!.#................#
.#..#.........#.....# ≈##
..............†.....#.~#.
.#.#..#....†.....#.##....
.............#...........
.☼§§§§§y............#^.#.
......†#@.....#..........
...§§§§s#.##^##..#..<...#
.☼§#.#§§##.s...##.....#..
..§#{..^....†#.......
....#{s{.....^.^#.#....
.....# ......^...^^#.#..#
...#. ..§......^^.#.#..#
.... ........^...#.^†.
.... .y.....^....#....


You could see a spark wasp (poisoned), a demonic crawler (catching breath) and
an orb spider.

Vanquished Creatures
  Kirke (Spider:3)
  Gastronok (Lair:1)
  A tengu reaver (D:14)
  A fire giant (D:14)
  Aizul (Spider:1)
  A ghost moth (Spider:1)
  An emperor scorpion (Spider:1)
  A frost giant (D:14)
  2 orc warlords
  An ironbound preserver (D:14)
  A broodmother (Spider:2)
  Nessos (D:15)
  Azrael (D:13)
  A minotaur (Gauntlet)
  3 fire dragons
  2 ettins (D:14)
  9 hydras
  3 rakshasas (D:15)
  A catoblepas (D:14)
  5 centaur warriors
  A jorogumo (Spider:1)
  3 radroaches
  3 ogre magi
  14 two-headed ogres
  6 boulder beetles
  11 death yaks
  2 deep troll earth magi (D:14)
  An orc high priest (Orc:1)
  A sun moth (Spider:2)
  3 pharaoh ants
  2 deep trolls (Orc:2)
  A glowing orange brain (D:15)
  4 orb spiders
  4 steelbarb worms
  A wizard (D:14)
  A lindwurm (Volcano)
  A swamp dragon (Lair:5)
  2 orc knights (Orc:1)
  4 deep elf pyromancers
  23 wolf spiders
  An orc sorcerer (Orc:1)
  14 ugly things
  A manticore (shapeshifter) (Gauntlet)
  2 oklob plants
  8 manticores
  8 cyclopes
  A moth of wrath (Spider:1)
  40 elephants
  A merfolk siren (Lair:2)
  10 black mambas
  5 torpor snails
  2 molten gargoyles (Volcano)
  An eye of devastation (Lair:5)
  4 rime drakes
  11 cane toads
  9 demonic crawlers (Spider:1)
  Psyche (D:10)
  An unseen horror (D:12)
  A freezing wraith (D:14)
  9 komodo dragons
  9 trolls
  A meliai (D:14)
  21 tarantellas
  3 merfolk (Lair:2)
  5 polar bears
  18 slime creatures
  A tyrant leech (shapeshifter) (D:15)
  16 blink frogs
  18 jumping spiders
  A vampire (D:14)
  9 culicivoras
  5 wyverns
  5 wraiths
  5 shadows
  Grum (D:11)
  8 basilisks
  5 hogs (Spider:3)
  A human (shapeshifter) (D:14)
  45 yaks
  4 fire bats (Volcano)
  3 fire elementals (D:13)
  6 steam dragons
  43 redbacks
  Menkaure (D:6)
  3 wargs
  15 vampire mosquitoes
  An acid dragon (Lair:5)
  20 water moccasins
  A floating eye (Lair:5)
  A floating eye (shapeshifter) (D:12)
  7 hell hounds
  3 black bears
  25 orc warriors
  A swamp drake (Lair:5)
  2 ice beasts
  13 wolves
  3 boggarts (D:14)
  27 ogres
  13 centaurs
  A phantom (D:5)
  2 kobold brigands
  Blork the orc (D:5)
  14 bullfrogs
  A gnoll sergeant (D:8)
  A scorpion (D:6)
  A necrophage (D:7)
  4 wights (D:8)
  6 killer bees (D:7)
  2 howler monkeys (D:10)
  An electric eel (Spider:2)
  6 lava snakes (Volcano)
  3 hounds (D:6)
  3 jellies
  A crimson imp (Spider:1)
  15 orc priests
  A gnoll bouda (D:9)
  5 iguanas
  17 orc wizards
  12 adders
  22 gnolls
  2 white imps (D:7)
  An ufetubus (D:6)
  A dart slug (D:3)
  62 orcs
  6 bats
  4 endoplasms
  5 giant cockroaches
  10 hobgoblins
  4 jackals (D:2)
  4 quokkas
  A ball python (D:3)
  3 frilled lizards
  7 goblins
  14 kobolds
  10 rats
  A spectral orc (D:12)
  A bush (Lair:2)
880 creatures vanquished.

Vanquished Creatures (collateral kills)
  Arachne (Spider:3)
  A redback (Spider:3)
2 creatures vanquished.

Vanquished Creatures (others)
  4 slime creatures (D:13)
  A yak (Lair:5)
  A human (D:10)
  An orc (Orc:2)
  12 fungi
  47 plants
  A withered plant (Gauntlet)
67 creatures vanquished.

Grand Total: 949 creatures vanquished

Notes
Turn   | Place    | Note
-------+----------+-------------------------------------------
     0 | D:1      | Morbidden the Formicid Hunter began the quest for the Orb.
     0 | D:1      | Reached XP level 1. HP: 16/16 MP: 1/1
   152 | D:1      | You fall into a shaft and drop 1 floor!
   464 | D:1      | Reached XP level 2. HP: 22/22 MP: 2/2
   665 | D:1      | Reached XP level 3. HP: 20/27 MP: 3/3
  1112 | D:1      | Found a faded altar of an unknown god.
  1494 | D:2      | Reached skill level 5 in Ranged Weapons
  1494 | D:2      | Reached XP level 4. HP: 32/34 MP: 4/4
  2288 | D:3      | Found an ornate altar of the Wu Jian Council.
  2371 | D:3      | Reached XP level 5. HP: 40/40 MP: 5/5
  2763 | D:4      | Reached skill level 1 in Armour
  2834 | D:4      | Found an opulent altar of Gozag.
  3123 | D:4      | Found a shimmering blue altar of Sif Muna.
  3185 | D:4      | Reached XP level 6. HP: 47/47 MP: 6/6
  3194 | D:4      | Noticed an ogre
  3207 | D:4      | Killed an ogre
  3208 | D:4      | Reached skill level 1 in Short Blades
  3208 | D:4      | Reached skill level 1 in Shields
  3839 | D:5      | Entered Level 5 of the Dungeon
  3839 | D:5      | Noticed an ice beast
  4062 | D:5      | Noticed Blork the orc
  4230 | D:5      | Killed Blork the orc
  4254 | D:5      | Noticed an ogre
  4259 | D:5      | Killed an ogre
  4260 | D:5      | Reached XP level 7. HP: 9/52 MP: 1/7
  4456 | D:5      | Reached skill level 2 in Shields
  4487 | D:5      | Found a staircase to the Ecumenical Temple.
  4498 | D:5      | Found a shimmering altar of Xom.
  4512 | Temple   | Entered the Ecumenical Temple
  4578 | Temple   | Became a worshipper of Cheibriados the Contemplative
  4899 | D:5      | Reached XP level 8. HP: 55/60 MP: 8/8
  4974 | D:6      | Noticed Menkaure
  5107 | D:6      | Reached skill level 1 in Invocations
  5107 | D:6      | Reached skill level 1 in Evocations
  5481 | D:6      | Reached * piety under Cheibriados
  5511 | D:6      | Killed Menkaure
  5547 | D:6      | Found a large runed translucent door.
  5547 | D:6      | Found a large runed translucent door.
  5551 | D:6      | Noticed anet's ghost (weakling GnDe)
  5633 | D:6      | Reached skill level 3 in Shields
  6155 | D:6      | Reached XP level 9. HP: 58/66 MP: 10/10
  6954 | D:7      | Reached skill level 5 in Armour
  7055 | D:7      | Reached skill level 1 in Long Blades
  7071 | D:7      | Reached skill level 4 in Shields
  7073 | D:7      | Reached ** piety under Cheibriados
  7074 | D:7      | Reached skill level 5 in Fighting
  7415 | D:7      | Found a sacrificial altar of Ru.
  8201 | D:8      | Reached skill level 5 in Short Blades
  8435 | D:8      | Reached XP level 10. HP: 53/74 MP: 12/12
  8736 | D:8      | Reached skill level 5 in Shields
  8802 | D:8      | Found an iron altar of Okawaru.
  9235 | D:8      | Found a blossoming altar of Fedhas.
  9483 | D:8      | Reached skill level 1 in Spellcasting
  9708 | D:9      | Noticed a manticore
  9724 | D:9      | Killed a manticore
 10217 | D:9      | Reached *** piety under Cheibriados
 10218 | D:9      | Reached skill level 6 in Shields
 10672 | D:9      | Noticed a two-headed ogre
 10685 | D:9      | Killed a two-headed ogre
 11244 | D:10     | Entered Level 10 of the Dungeon
 11412 | D:10     | Reached XP level 11. HP: 39/81 MP: 14/15
 11672 | D:10     | Reached skill level 7 in Shields
 11880 | D:10     | Reached **** piety under Cheibriados
 11983 | D:10     | Found an ancient bone altar of Kikubaaqudgha.
 11988 | D:10     | Found a staircase to the Orcish Mines.
 12006 | D:10     | Reached skill level 5 in Invocations
 12162 | D:10     | Noticed Psyche
 12170 | D:10     | Killed Psyche
 12180 | D:10     | Noticed an orange crystal statue
 12197 | D:10     | Reached skill level 8 in Shields
 12738 | D:10     | Found a glowing golden altar of the Shining One.
 12781 | D:10     | Found a broken altar of Ashenzari.
 12837 | D:10     | Found a staircase to the Lair.
 12842 | D:10     | Noticed an oklob plant
 12854 | D:10     | Killed an oklob plant
 13220 | D:11     | Identified a scroll of acquirement
 13220 | D:11     | Acquired the +3 pair of mountain boots {steadfast, rC+}
 13220 | D:11     | Found the +3 pair of mountain boots {steadfast, rC+}
 13280 | D:11     | Noticed a cyclops
 13281 | D:11     | Noticed Grum
 13306 | D:11     | Killed a cyclops
 13310 | D:11     | Killed Grum
 13316 | D:11     | Found a gate leading to a gauntlet.
 13325 | Gauntlet | Entered a Gauntlet
 13325 | Gauntlet | Found a transporter.
 13354 | Gauntlet | an unseen horror changed into a steelbarb worm
 13354 | Gauntlet | Noticed a steelbarb worm (shapeshifter)
 13379 | Gauntlet | Found a transporter.
 13382 | Gauntlet | Found a transporter.
 13383 | Gauntlet | Found a transporter.
 13391 | Gauntlet | Found a transporter.
 13394 | Gauntlet | Found a transporter.
 13395 | Gauntlet | Found a transporter.
 13405 | Gauntlet | Found a transporter.
 13407 | Gauntlet | Found a transporter.
 13408 | Gauntlet | Found a transporter.
 13414 | Gauntlet | Found a runed translucent door.
 13415 | Gauntlet | Found a runed translucent door.
 13416 | Gauntlet | Found a transporter.
 13416 | Gauntlet | Noticed a catoblepas
 13419 | Gauntlet | Found a transporter.
 13420 | Gauntlet | Found a transporter.
 13428 | Gauntlet | Found a transporter.
 13429 | Gauntlet | Noticed a balrug
 13490 | Gauntlet | Noticed a lindwurm
 13496 | Gauntlet | a lindwurm changed into an orb spider
 13496 | Gauntlet | Noticed an orb spider (shapeshifter)
 13510 | Gauntlet | a torpor snail changed into a steelbarb worm
 13510 | Gauntlet | Noticed a steelbarb worm (shapeshifter)
 13523 | Gauntlet | a steelbarb worm changed into a manticore
 13523 | Gauntlet | Noticed a manticore (shapeshifter)
 13530 | Gauntlet | Killed a manticore
 13531 | Gauntlet | Reached skill level 9 in Shields
 13553 | Gauntlet | an orb spider changed into a mana viper
 13553 | Gauntlet | Noticed a mana viper (shapeshifter)
 13556 | Gauntlet | a mana viper changed into a moth of wrath
 13556 | Gauntlet | Noticed a moth of wrath (shapeshifter)
 13573 | Gauntlet | Reached ***** piety under Cheibriados
 13574 | Gauntlet | Reached skill level 5 in Dodging
 13579 | Gauntlet | Reached XP level 12. HP: 83/89 MP: 17/17
 13622 | Gauntlet | Noticed a minotaur
 13630 | Gauntlet | Killed a minotaur
 13765 | Gauntlet | Got the Omnibus of the Mountains and Feathers
 14163 | D:11     | Reached skill level 5 in Long Blades
 14506 | D:12     | Found Xooprepo's Weapon Shop.
 14552 | D:12     | Found Gefe's General Store.
 14608 | D:12     | Noticed a steelbarb worm
 14611 | D:12     | a steelbarb worm changed into a floating eye
 14618 | D:12     | Found Nepti's Antique Armour Emporium.
 14621 | D:12     | Bought a polished chain mail for 209 gold pieces
 14621 | D:12     | Identified the +9 chain mail "Qaell" {rN+++ Str-3 Int-5
                  | Dex+8} (You bought it in a shop on level 12 of the Dungeon)
 14774 | D:12     | Found a basalt altar of Yredelemnul.
 14848 | D:12     | Reached skill level 10 in Shields
 15052 | D:12     | Found Bigeneif's Weapon Shoppe.
 15237 | D:13     | Noticed a centaur warrior
 15245 | D:13     | Killed a centaur warrior
 15246 | D:13     | Reached skill level 5 in Evocations
 15675 | Lair:1   | Entered Level 1 of the Lair of Beasts
 15835 | Lair:1   | Reached XP level 13. HP: 57/96 MP: 17/19
 16105 | Lair:1   | Noticed Gastronok
 16115 | Lair:1   | Killed Gastronok
 16643 | Lair:2   | Found a staircase to the Shoals.
 16791 | Lair:2   | Reached skill level 5 in Spellcasting
 16797 | Lair:2   | Reached ****** piety under Cheibriados
 17008 | Lair:3   | Reached skill level 11 in Shields
 17156 | Lair:3   | Learned a level 3 spell: Vhi's Electric Charge
 17193 | Lair:3   | Noticed a seven-headed hydra
 17211 | Lair:3   | Killed an eight-headed hydra
 17558 | Lair:3   | Noticed a six-headed hydra
 17563 | Lair:3   | Killed a seven-headed hydra
 17769 | Lair:3   | Reached XP level 14. HP: 105/105 MP: 22/22
 17814 | Lair:3   | Found the +8 whip "Snakebite" {venom, curare, rPois}
 18469 | Lair:4   | Reached skill level 1 in Translocations
 18527 | Lair:4   | Reached skill level 1 in Air Magic
 19048 | Lair:4   | Reached skill level 12 in Shields
 19393 | Lair:4   | Reached skill level 10 in Ranged Weapons
 19820 | Lair:5   | Entered Level 5 of the Lair of Beasts
 19834 | Lair:5   | Found a viscous altar of Jiyva.
 19850 | Lair:5   | Found a staircase to the Slime Pits.
 20019 | Lair:5   | Reached XP level 15. HP: 112/112 MP: 24/24
 20097 | Lair:5   | Reached skill level 10 in Long Blades
 20487 | Lair:5   | Reached skill level 13 in Shields
 21000 | Lair:5   | HP: 5/113 [poison (poison gas)]
 22247 | Lair:2   | Found a hole to the Spider Nest.
 23447 | D:13     | Noticed Azrael
 23461 | D:13     | Killed Azrael
 23573 | D:14     | Found a radiant altar of Vehumet.
 24075 | D:14     | Reached XP level 16. HP: 120/120 MP: 26/26
 24377 | D:14     | Found a gate to the Vaults.
 24638 | D:14     | Reached skill level 1 in Maces & Flails
 24694 | D:14     | Noticed a tengu reaver
 24703 | D:14     | Killed a tengu reaver
 24704 | D:14     | Reached skill level 14 in Shields
 24948 | D:14     | Noticed a fire giant
 24948 | D:14     | Noticed a frost giant
 24955 | D:14     | Killed a frost giant
 24959 | D:14     | Killed a fire giant
 26217 | D:15     | Entered Level 15 of the Dungeon
 26693 | D:15     | Noticed Nessos
 26695 | D:15     | Killed Nessos
 26952 | D:15     | Reached skill level 10 in Armour
 27200 | D:15     | Reached skill level 10 in Fighting
 27308 | D:15     | Found a staircase to the Depths.
 27547 | Orc:1    | Entered Level 1 of the Orcish Mines
 27591 | Orc:1    | Found a dark tunnel.
 27602 | Volcano  | Entered a volcano
 27824 | Volcano  | Found a burning altar of Makhleb.
 27882 | Volcano  | Reached XP level 17. HP: 96/128 MP: 26/27
 29030 | Orc:2    | Entered Level 2 of the Orcish Mines
 29046 | Orc:2    | Found a staircase to the Elven Halls.
 29101 | Orc:2    | Reached skill level 15 in Shields
 29323 | Orc:2    | Found Nian's Magic Scroll Emporium.
 29332 | Orc:2    | Found Seux Cuf's Antique Weapon Emporium.
 29333 | Orc:2    | Found Waich's Antique Armour Boutique.
 29364 | Orc:2    | Reached skill level 5 in Translocations
 29461 | Orc:2    | Found Edath's Jewellery Shoppe.
 30023 | Spider:1 | Entered Level 1 of the Spider Nest
 30170 | Orc:2    | Bought a pitted shortbow for 256 gold pieces
 30170 | Orc:2    | Identified the +4 shortbow of Vufurr {venom, Fly rPois
                  | rCorr Int-4} (You bought it in a shop on level 2 of the
                  | Orcish Mines)
 30334 | Spider:1 | Reached skill level 10 in Invocations
 30795 | Spider:1 | Noticed Aizul
 30822 | Spider:1 | Killed Aizul
 32571 | Spider:1 | Reached skill level 5 in Air Magic
 32575 | Spider:1 | Reached XP level 18. HP: 94/136 MP: 29/29
 33113 | Spider:2 | Reached skill level 16 in Shields
 33497 | Orc:2    | Bought a glowing great sword for 304 gold pieces
 34350 | Spider:3 | Noticed Arachne
 34385 | Spider:3 | Killed Arachne
 34786 | Spider:3 | Learned a level 4 spell: Manifold Assault
 34848 | Spider:3 | Noticed Kirke
 34859 | Spider:3 | Killed Kirke
 34867 | Spider:3 | HP: 6/136 [spark wasp (13)]
 34867 | Spider:3 | Mangled by a spark wasp

Illustrated notes

Levels and vault maps discovered:
D:1:      dpeg_arrival_concentric_ovals, layout_rooms,
          hellmonk_ecumenical_altar_crossroads, minmay_liquid_box,
          grunt_decor_mini_mirrors, grunt_decor_arrowhead, minmay_cut_off
D:2:      layout_basic
D:3:      layout_loops_corners, overflow_temple_1_default, minivault_14
D:4:      layout_basic, mainiacjoe_overflow_concentric_impassable,
          grunt_gozag_statues
D:5:      layout_rooms, mainiacjoe_overflow_small_starburst,
          minmay_temple_entry_proselytizer, uniq_blork_the_orc
D:6:      layout_gridville, ebering_ghost_disaster_area, st_stairs_13,
          feat_on_display, uniq_menkaure
D:7:      layout_loops_corners, nicolae_ru_the_path_less_chosen
D:8:      layout_gridville, nicolae_overflow_crystal_walls,
          mainiacjoe_overflow_boulevard
D:9:      layout_roguey
D:10:     layout_irregular_city, tgw_kikubaaqudgha, tso_oasis_becter,
          lemuel_doored_altar, dpeg_oklobed_lair, grunt_ministairs_7,
          kennysheep_decorative_pillar, serial_bayou_pond_e,
          hangedman_decor_points, minivault_16, uniq_psyche
D:11:     layout_irregular_city, gauntlet_entry_generic, uniq_grum
D:12:     layout_cave_pools, serial_shops, nicolae_stop_n_shop_1,
          kennysheep_mini, nicolae_shop_hallway_plus,
          nicolae_shop_bloodbath_and_beyond, minmay_hedge_maze,
          yredelemnul_forgotten_temple_becter
D:13:     layout_loops_corners, nicolae_figureground_sparkle, uniq_azrael
D:14:     minmay_tile_spiral, layout_grid_maze,
          skrybe_vaults_entry_preservation, nicolae_vehumet_radiance,
          chequers_serial_rivers_room_a
D:15:     gammafunk_enter_depths_forms, layout_irregular_city,
          ebering_dispersal_statue_hall, grunt_ministairs_4, uniq_nessos
Temple:   hc_temple_tempest_star
Lair:1:   layout_loops_ring, minivault_24, uniq_gastronok
Lair:2:   layout_cellular_growth, elwin_shoals_entry_stream,
          spider_nest_entry_rubble, minmay_lair_oklob_items, grunt_megastairs_5
Lair:3:   minmay_guarded_unrand_snakebite, layout_loops_ring,
          infiniplex_staircase_pool
Lair:4:   nzn_winding_woodlands_stair_cross [nzn_winding_woodlands_5x15_eye,
          nzn_winding_woodlands_center_lodge, nzn_winding_woodlands_5x15_cabin,
          nzn_winding_woodlands_5x5_three, nzn_winding_woodlands_5x5_perimeter,
          nzn_winding_woodlands_5x15_pockets,
          nzn_winding_woodlands_center_garden,
          nzn_winding_woodlands_5x15_pathside_ponds], layout_gridlike,
          lemuel_fruit_tree
Lair:5:   guppyfry_lair_end_dragon, layout_long_grid, minmay_slime_entry_eyes
Spider:1: layout_spider_delve, drop_trap, nicolae_crawler_farm, uniq_aizul
Spider:2: layout_spider_delve
Spider:3: layout_spider_delve, nicolae_arachne_temple, uniq_roxanne, uniq_kirke
Orc:1:    layout_caves, nicolae_volcano_entry_lava_flow
Orc:2:    st_orc_open, layout_diamond_mine, nicolae_orc_crystal_geode

Skill      XL: |  1  2  3  4  5  6  7  8  9 10 11 12 13 14 15 16 17 18 |
---------------+-------------------------------------------------------+-----
Dodging        | 2 3 4 5 6 7 8 |  8.5
Ranged Weapons | 5 6 7 8 9 10 11 | 11.5
Armour         | 1 2 3 4 5 6 7 8 9 10 11 | 11.1
Fighting       | 3 4 5 6 7 8 9 10 | 10.8
Short Blades   | 1 2 3 5 6 |  6.7
Shields        | 1 2 3 4 6 9 10 11 12 13 14 15 16 | 16.4
Invocations    | 2 3 4 5 6 7 8 9 10 | 10.7
Evocations     | 1 2 3 4 5 6 7 8 9 |  9.2
Long Blades    | 1 2 4 6 8 9 10 11 12 13 | 13.0
Spellcasting   | 2 3 4 5 6 7 8 |  8.1
Translocations | 2 3 4 5 |  5.6
Air Magic      | 2 3 4 5 |  5.3
Stealth        | 2 |  2.2
Maces & Flails | 1 2 |  2.4
Unarmed Combat | |  0.4

Action                   |  1- 3 |  4- 6 |  7- 9 | 10-12 | 13-15 | 16-18 || total
-------------------------+-------+-------+-------+-------+-------+-------++-------
Melee: Short sword       |     4 |    43 |   282 |   269 |       |       ||   598
       Punch             |     1 |       |       |       |       |       ||     1
       Unarmed           |       |    10 |       |     1 |       |       ||    11
       Dagger            |       |       |    34 |   241 |    91 |       ||   366
       Scimitar          |       |       |       |    24 |       |       ||    24
       Great sword       |       |       |       |   202 |   680 |   858 ||  1740
       Whip              |       |       |       |       |    76 |   195 ||   271
 Fire: Shortbow          |   113 |    97 |    44 |    44 |       |       ||   298
       Longbow           |       |       |       |     1 |   185 |    82 ||   268
 Cast: Vhi's Electric Ch |       |       |       |       |       |     2 ||     2
Invok: Slouch            |       |       |       |       |     2 |    21 ||    23
 Abil: Dig               |     1 |       |       |       |       |       ||     1
       Shaft Self        |     1 |       |       |       |       |       ||     1
Evoke: Wand              |       |     2 |     4 |     1 |     6 |    15 ||    28
       Condenser vane    |       |       |       |       |       |     3 ||     3
       Phantom mirror    |       |       |       |       |       |     1 ||     1
  Use: Potion            |       |     4 |     2 |     3 |     1 |     7 ||    17
       Scroll            |       |     1 |     9 |    13 |     4 |    13 ||    40
 Stab: Confused          |       |     1 |       |       |       |       ||     1
       Invisible         |       |       |       |       |     6 |       ||     6
       Petrified         |       |       |       |       |     1 |       ||     1
Armor: Leather armour    |    15 |     3 |       |       |       |       ||    18
       Chain mail        |       |    41 |   110 |    84 |   622 |   284 ||  1141
       Plate armour      |       |       |       |   148 |       |   276 ||   424
       Skin              |       |       |       |     4 |       |       ||     4
Dodge: Dodged            |    38 |    38 |    80 |   245 |   852 |   904 ||  2157
Block: Kite shield       |       |    39 |   190 |   624 |  1435 |  1533 ||  3821

Table legend: (Time is in decaauts)
 A = Elapsed time spent in this place.
 B = Non-inter-level travel time spent in this place.
 C = Inter-level travel time spent in this place.
 D = Time resting spent in this place.
 E = Time spent auto-exploring this place.
 F = Levels seen in this place.
 G = Mean time per level.
                   A        B        C        D        E       F      G
               +--------+--------+--------+--------+--------+-----+--------+
         Total |  48303 |  44535 |   3768 |   6536 |  29584 |  28 | 1725.1 |
       Dungeon |  25924 |  23815 |   2109 |   4053 |  15666 |  15 | 1728.3 |
        Temple |     77 |     70 |      7 |      0 |     57 |   1 |   77.0 |
          Lair |  12188 |  11064 |   1124 |   1090 |   7984 |   5 | 2437.6 |
   Spider Nest |   5412 |   5314 |     98 |   1022 |   3167 |   3 | 1804.0 |
  Orcish Mines |   3289 |   2862 |    427 |     21 |   2168 |   2 | 1644.5 |
       Volcano |    713 |    713 |      0 |    212 |    196 |   1 |  713.0 |
      Gauntlet |    697 |    697 |      0 |    137 |    344 |   1 |  697.0 |
               +--------+--------+--------+--------+--------+-----+--------+

Top non-repeatable levels by time:
    D:14: 3563 daAuts
  Lair:2: 3072 daAuts
Spider:1: 3050 daAuts
  Lair:5: 2675 daAuts
    D:10: 2652 daAuts
  Lair:4: 2364 daAuts
     D:9: 2289 daAuts
  Lair:3: 2286 daAuts
    D:13: 2152 daAuts
     D:8: 2115 daAuts
Spider:2: 2044 daAuts
    D:15: 1973 daAuts
     D:7: 1847 daAuts
  Lair:1: 1790 daAuts
   Orc:2: 1678 daAuts
